cohdb
Replays
Latest Replays
All Replays
Popular Replays
Top Player Replays
Match Explorer
How It Works
Community
CoH3 Stats
Reddit
Sign in to upload your games and track your stats! →
Sign in with Steam
Match 24059897
Unlisted
Match 24059897
Overview
Messages
Build Orders
End
Kettenkrad Recon Vehicle
Construct Infanterie Kompanie
Grenadier Squad
Grenadier Squad
Grenadier Squad
Grenadier Squad
Infanterie Officer Quarters
Medical Station
Construct Luftwaffe Kompanie
221 Scout Car
Jäger Squad
Jäger Squad
Support Elements
Wirbelwind Flakpanzer
Pioneer Squad
MG 42 Machine Gun Team
ConcernedApe
teaspoon
0
0
Comments
sign in to comment!
No comments posted yet!